 Dungeon Crawl Stone Soup version 0.29-a0-317-gd16b76e6b1 (webtiles) character file.

Game seed: 16380627200310104970

12706 Bnni the Covert (level 11, -4/117 HPs)
             Began as an Octopode Fighter on Apr 1, 2022.
             Was an Initiate of Gozag.
             Slain by a seven-headed hydra (9 damage)
             ... on level 11 of the Dungeon.
             The game lasted 00:34:35 (16075 turns).

Bnni the Covert (Octopode Fighter)                 Turns: 16075, Time: 00:34:39

Health: -4/117     AC: 25    Str: 22    XL:     11   Next: 97%
Magic:  27/27      EV:  2    Int: 16    God:    Gozag
Gold:   1438       SH:  0    Dex: 34    Spells: 10/19 levels left

rFire   . . .      SeeInvis .   g - +1 dagger (elec)
rCold   . . .      Faith    .   b - +0 buckler
rNeg    . . .      Spirit   .   (helmet currently unavailable)
rPois   +          Reflect  .   H - amulet of the acrobat
rElec   .          Harm     .   o - +6 ring of strength
rCorr   .          Rampage  .   i - +6 ring of dexterity
Will    .....      NoTele   +   C - +6 ring of dexterity
Stlth   ++........              E - +6 ring of dexterity
HPRegen 0.29/turn               G - +6 ring of intelligence
MPRegen 0.20/turn               I - ring of magical power
                                (no ring)
                                (no ring)

@: confused, tree-form, ambrosia-drunk, very slightly contaminated, studying
Transmutations
A: stationary, stasis, torment immunity, boosted hp, almost no armour,
(amphibious), 8 rings, (camouflage 1), (gelatinous body 1), (nimble swimmer 1),
(tentacles)
a: Renounce Religion, Potion Petition, Call Merchant, Bribe Branch


You were on level 11 of the Dungeon.
You worshipped Gozag.
Gozag was most pleased with you.
You were a tree.
You visited 2 branches of the dungeon, and saw 12 of its levels.
You also visited: Sewer.

You collected 1642 gold pieces.
You spent 96 gold pieces at shops.
You paid 108 gold pieces to Gozag.

Inventory:

Hand Weapons
 g - a +1 dagger of electrocution (weapon)
 q - the +8 whip of Alumn {pain, Will- Str+2 Int+3}
   (You found it on level 3 of the Dungeon)

   In the hands of one skilled in necromantic magic, it inflicts extra damage on
   living creatures.
   Str:       It affects your strength (+2).
   Int:       It affects your intelligence (+3).
   Will:      It decreases your willpower.
 w - a +1 trident of venom
Missiles
 a - a curare-tipped dart
 e - 16 poisoned darts (quivered)
 F - a throwing net
Armour
 b - a +0 buckler (worn)
Jewellery
 i - a +6 ring of dexterity (right branch)
 o - a +6 ring of strength (left branch)
 v - a ring of fire
 C - a +6 ring of dexterity (on tentacle)
 E - a +6 ring of dexterity (on tentacle)
 G - a +6 ring of intelligence (on tentacle)
 H - an amulet of the acrobat (around neck)
 I - a ring of magical power (on tentacle)
Wands
 s - a wand of digging (11)
 x - a wand of flame (26)
 J - a wand of mindburst (10)
Scrolls
 d - a scroll of fear
 k - 5 scrolls of teleportation
 u - 2 scrolls of vulnerability
 y - a scroll of blinking {unknown}
 z - a scroll of enchant weapon {unknown}
 A - 6 scrolls of enchant armour {unknown}
 B - 2 scrolls of summoning
 D - a scroll of magic mapping {unknown}
Potions
 c - a potion of mutation
 f - 3 potions of haste
 h - 3 potions of attraction
 j - 2 potions of flight
 l - 3 potions of curing
 m - 2 potions of brilliance
 n - 2 potions of lignification
 p - 2 potions of berserk rage
 r - a potion of resistance {unknown}
 t - 2 potions of ambrosia


   Skills:
 + Level 8.9 Fighting
 - Level 10.0 Short Blades
 * Level 5.3 Dodging
 - Level 12.0 Stealth
 - Level 3.0 Shields
 - Level 4.6 Unarmed Combat
 + Level 4.6 Spellcasting
 * Level 10.2 Transmutations


You had 10 spell levels left.
You knew the following spells:

 Your Spells              Type           Power      Damage    Failure   Level
a - Wereblood             Tmut           36%        N/A       1%          2
b - Spider Form           Tmut/Pois      20%        N/A       8%          3
c - Ice Form              Ice/Tmut       20%        N/A       26%         4

Your spell library contained the following spells:

 Spells                   Type           Power      Damage    Failure   Level
 Beastly Appendage        Tmut           72%        N/A       1%          1
 Animate Skeleton         Necr           6%         N/A       21%         1
 Apportation              Tloc           6%         N/A       21%         1
 Foxfire                  Conj/Fire      12%        2x1d4     21%         1
 Summon Small Mammal      Summ           12%        N/A       21%         1
 Conjure Flame            Conj/Fire      3%         6-21      52%         3
 Frozen Ramparts          Ice            6%         1d2       52%         3
 Inner Flame              Hex/Fire       3%         N/A       52%         3
 Flame Wave               Conj/Fire      3%         2d4       90%         4
 Passage of Golubria      Tloc           3%         N/A       90%         4
 Summon Ice Beast         Ice/Summ       3%         N/A       90%         4
 Silence                  Hex/Air        1%         N/A       99%         5
 Lehudib's Crystal Spear  Conj/Erth      1%         10d2      100%        8


Dungeon Overview and Level Annotations

Branches:
Dungeon (11/15)            Temple (1/1) D:7            Lair (0/6) D:8
    Orc (0/2) D:10          Sewer (visited)

Altars:
Ashenzari
Cheibriados
Dithmenos
Elyvilon
Fedhas
Gozag
Hepliaklqana
Kikubaaqudgha
Makhleb
Nemelex Xobeh
Okawaru
Qazlal
Ru
Sif Muna
Trog
Uskayaw
Vehumet
Wu Jian
Xom
Yredelemnul
Zin
The Shining One

Shops:
D:9 ?

Annotations:
D:10 exclusion: 2 statues


Innate Abilities, Weirdness & Mutations

You are a tree.
Your roots penetrate the ground, keeping you stationary.
You cannot be teleported.
You are immune to unholy pain and torment.
Your maximum health is greatly increased.
You cannot wear most types of armour.
((You are amphibious.))
You can wear up to eight rings at the same time.
((Your skin changes colour to match your surroundings (Stealth+).))
((Your rubbery body absorbs attacks. (AC +1, EV +1)))
((You are camouflaged when in or above water. (Stealth+)))
((You have tentacles for arms and can constrict up to eight enemies at once.))


Message History

You hear the crackle of electricity.
You turn into a tree.
Your roots penetrate the ground.
The seven-headed hydra bites you but does no damage. x5
The seven-headed hydra completely misses you.
The seven-headed hydra bites you but does no damage.
You hit the seven-headed hydra.
The seven-headed hydra is lightly wounded.
The seven-headed hydra bites you!
* * * LOW HITPOINT WARNING * * *
The seven-headed hydra bites you.
* * * LOW HITPOINT WARNING * * *
The seven-headed hydra bites you but does no damage.
The seven-headed hydra bites you!
* * * LOW HITPOINT WARNING * * *
The seven-headed hydra bites you but does no damage. x3
You barely miss the seven-headed hydra.
The seven-headed hydra is lightly wounded.
You are confused.
You feel invigorated.
The seven-headed hydra bites you but does no damage. x2
The seven-headed hydra bites you.
* * * LOW HITPOINT WARNING * * *
The seven-headed hydra bites you but does no damage. x3
The seven-headed hydra bites you.
* * * LOW HITPOINT WARNING * * *
You cannot move. (Use ctrl+direction or * direction to attack while stationary and confused.)
You cannot move. (Use ctrl+direction or * direction to attack while stationary and confused.)
You hit the seven-headed hydra but do no damage.
The seven-headed hydra is lightly wounded.
The seven-headed hydra bites you but does no damage.
The seven-headed hydra bites you.
* * * LOW HITPOINT WARNING * * *
The seven-headed hydra bites you.
* * * LOW HITPOINT WARNING * * *
The seven-headed hydra bites you.
* * * LOW HITPOINT WARNING * * *
The seven-headed hydra bites you but does no damage.
The seven-headed hydra bites you!
You die...
Your body crumbles into a pile of gold.

#######
#.....###
#.###.♣D#
#.#..#
#####.##....
#.#...#
##....
#.#####.#.###
...
#...........#
..
######'######
. #...# ###.#


You could see a seven-headed hydra.

Vanquished Creatures
  4 two-headed ogres
  Amaemon (D:9)
  2 cyclopes (D:11)
  An orange demon (D:9)
  An unseen horror (D:11)
  A troll (D:10)
  Prince Ribbit (D:7)
  Grinder (D:3)
  16 yaks
  2 wyverns
  A steam dragon (D:9)
  3 water moccasins
  6 orc warriors
  3 ice beasts
  A black bear (D:6)
  A sky beast (D:6)
  An ogre (D:6)
  7 centaurs
  A phantom (D:4)
  A kobold brigand (D:9)
  2 bullfrogs
  3 scorpions
  A gnoll sergeant (D:10)
  3 necrophages
  2 jellies
  15 wights
  15 killer bees
  4 hounds
  9 orc priests
  A gnoll shaman (D:5)
  3 iguanas
  10 orc wizards
  A hell rat (Sewer)
  12 gnolls
  2 adders
  2 river rats (Sewer)
  A shadow imp (D:7)
  A white imp (D:6)
  An ufetubus (D:5)
  2 worms
  3 dart slugs
  25 orcs
  5 ball pythons
  7 endoplasms
  8 giant cockroaches
  6 goblins
  8 hobgoblins
  7 jackals
  6 quokkas
  7 bats
  3 frilled lizards
  12 kobolds
  10 rats
252 creatures vanquished.

Vanquished Creatures (others)
  An orc (D:6)
1 creature vanquished.

Grand Total: 253 creatures vanquished

Notes
Turn   | Place    | Note
-------+----------+-------------------------------------------
     0 | D:1      | Bnni the Octopode Fighter began the quest for the Orb.
     0 | D:1      | Reached XP level 1. HP: 16/16 MP: 1/1
    35 | D:1      | Reached skill level 1 in Stealth
    74 | D:1      | Reached XP level 2. HP: 21/21 MP: 2/2
   148 | D:1      | Reached skill level 2 in Stealth
   362 | D:1      | Reached XP level 3. HP: 26/26 MP: 3/3
   819 | D:2      | Reached skill level 3 in Stealth
   860 | D:2      | Found a faded altar of an unknown god.
   903 | D:2      | Reached XP level 4. HP: 28/31 MP: 4/4
  1482 | D:3      | Found a glowing drain.
  1507 | Sewer    | Entered a sewer
  1514 | Sewer    | Reached skill level 4 in Stealth
  1551 | Sewer    | Reached XP level 5. HP: 30/36 MP: 5/5
  1662 | D:3      | Identified the +8 whip of Alumn {pain, Will- Str+2 Int+3}
  1697 | D:3      | Noticed Grinder
  1704 | D:3      | Paralysed by Grinder for 7 turns
  1716 | D:3      | Killed Grinder
  1717 | D:3      | Reached skill level 5 in Stealth
  1717 | D:3      | Reached XP level 6. HP: 12/43 MP: 6/6
  2701 | D:4      | Reached skill level 6 in Stealth
  2797 | D:4      | Reached XP level 7. HP: 16/48 MP: 7/7
  3402 | D:5      | Entered Level 5 of the Dungeon
  3402 | D:5      | Found a sparkling altar of Nemelex Xobeh.
  3488 | D:5      | Reached skill level 5 in Short Blades
  3812 | D:5      | Reached skill level 7 in Stealth
  4581 | D:5      | Reached XP level 8. HP: 54/54 MP: 8/8
  4596 | D:5      | Reached skill level 8 in Stealth
  4666 | D:5      | Reached skill level 5 in Fighting
  5020 | D:6      | Noticed a yak
  5020 | D:6      | Noticed a yak
  5020 | D:6      | Noticed a yak
  5020 | D:6      | Noticed a yak
  5034 | D:5      | Killed a yak
  5198 | D:6      | Reached skill level 9 in Stealth
  5769 | D:5      | Reached skill level 10 in Stealth
  5769 | D:5      | Reached XP level 9. HP: 62/62 MP: 9/9
  6332 | D:6      | Reached skill level 11 in Stealth
  7206 | D:7      | Noticed Prince Ribbit
  7228 | D:7      | Killed Prince Ribbit
  7547 | D:6      | Learned a level 2 spell: Wereblood
  7551 | D:6      | Learned a level 3 spell: Spider Form
  7551 | D:6      | Identified a scroll of acquirement
  7551 | D:6      | Acquired a manual of Transmutations
  7688 | D:7      | Found a staircase to the Ecumenical Temple.
  7698 | Temple   | Entered the Ecumenical Temple
  7874 | Temple   | Became a worshipper of Gozag Ym Sagoz the Greedy
  8589 | D:7      | Reached XP level 10. HP: 50/71 MP: 10/10
  8889 | D:7      | Reached skill level 12 in Stealth
  8926 | D:8      | Reached skill level 1 in Transmutations
  9381 | D:8      | Reached skill level 1 in Spellcasting
  9559 | D:8      | Found a staircase to the Lair.
  9915 | D:8      | Learned a level 4 spell: Ice Form
 11266 | D:8      | Reached skill level 10 in Short Blades
 11482 | D:9      | Found Zaaqabus's Magic Scroll Shop.
 11489 | D:9      | Reached skill level 1 in Unarmed Combat
 11496 | D:9      | Reached skill level 5 in Transmutations
 11511 | D:9      | Bought a scroll of identify for 32 gold pieces
 11511 | D:9      | Bought a scroll of identify for 32 gold pieces
 11514 | D:9      | Bought a scroll of identify for 32 gold pieces
 12232 | D:9      | Noticed an orange demon
 12234 | D:9      | Noticed Amaemon
 12596 | D:9      | Noticed a two-headed ogre
 12605 | D:9      | Killed a two-headed ogre
 12606 | D:9      | Reached XP level 11. HP: 44/77 MP: 15/15
 12904 | D:9      | Killed Amaemon
 13372 | D:10     | Entered Level 10 of the Dungeon
 13388 | D:10     | Identified the +0 robe of Impressiveness {rF+ Int+2}
 14475 | D:10     | Noticed an archer statue
 14476 | D:10     | Noticed an archer statue
 14483 | D:10     | HP: 3/78 [archer statue/arrow (30)]
 15072 | D:10     | Found a staircase to the Orcish Mines.
 15572 | D:11     | Found a hide-covered altar of Uskayaw.
 15572 | D:11     | Noticed a +0 dagger
 15572 | D:11     | Noticed a +0 dagger
 15621 | D:11     | Noticed a cyclops
 15630 | D:11     | Killed a cyclops
 15644 | D:11     | Noticed a skeletal warrior
 15644 | D:11     | Noticed a phantasmal warrior
 15644 | D:11     | Noticed a phantasmal warrior
 15757 | D:11     | Noticed a cyclops
 15759 | D:11     | Killed a cyclops
 15833 | D:11     | Noticed a death knight
 15890 | D:11     | Noticed a two-headed ogre
 15892 | D:11     | Killed a two-headed ogre
 15900 | D:11     | Noticed a two-headed ogre
 15905 | D:11     | Killed a two-headed ogre
 15922 | D:11     | Noticed a two-headed ogre
 15927 | D:11     | Killed a two-headed ogre
 15928 | D:11     | Reached skill level 5 in Dodging
 15928 | D:11     | Reached skill level 10 in Transmutations
 16065 | D:11     | Noticed a seven-headed hydra
 16075 | D:11     | HP: 5/117 [seven-headed hydra (2)]
 16075 | D:11     | Slain by a seven-headed hydra

Illustrated notes

Levels and vault maps discovered:
D:1:      eino_arrival_water_cross, layout_rooms, hangedman_decor_points,
          minmay_cupped
D:2:      layout_rooms, shapermc_ecumenical_altar_mp_vishouse, minmay_domino_2
D:3:      layout_basic, serial_corexii_hall, chequers_hall_statues_corner_a,
          chequers_hall_statues_wall_a, portal_sewer_entry_f, uniq_grinder
D:4:      layout_loops_cross, st_stairs_1
D:5:      layout_cave_pods, nemelex_xobeh_ov_fountains_minmay,
          dreamdust_princess_bridge
D:6:      layout_gridville
D:7:      minmay_spotlight, layout_basic, temple_fountains, uniq_prince_ribbit1
D:8:      layout_basic, lair_entry_dummy
D:9:      layout_grid_maze, serial_shops, nicolae_shop_crystal, uniq_amaemon
D:10:     layout_gridville, david_orc_4, minmay_dual_archer_statues
D:11:     layout_roguey, dancing_weapons_uskayaw
Temple:   mainiacjoe_temple_starburst

Skill      XL: |  1  2  3  4  5  6  7  8  9 10 11 |
---------------+----------------------------------+-----
Stealth        | 1 2 3 4 5 6 7 10 11 12 | 12.0
Short Blades   | 3 4 5 7 9 10 | 10.0
Fighting       | 4 5 7 8 |  8.9
Transmutations | 6 10 | 10.2
Spellcasting   | 3 4 |  4.6
Unarmed Combat | 3 4 |  4.6
Dodging        | 5 |  5.3
Shields        | |  3.0

Action                   |  1- 3 |  4- 6 |  7- 9 | 10-12 || total
-------------------------+-------+-------+-------+-------++-------
Melee: Rapier            |    57 |    49 |       |       ||   106
       Constrict         |    16 |    17 |    31 |    57 ||   121
       Tentacles         |     8 |    13 |    46 |    99 ||   166
       Whip              |       |    36 |   134 |    73 ||   243
       Dagger            |       |       |    26 |   211 ||   237
       Punch             |       |       |     3 |     8 ||    11
       Unarmed           |       |       |       |     2 ||     2
Throw: Dart              |       |       |     9 |       ||     9
       Throwing net      |       |       |       |     2 ||     2
 Cast: Wereblood         |       |       |       |     1 ||     1
       Ice Form          |       |       |       |     1 ||     1
Evoke: Wand              |       |       |       |     1 ||     1
  Use: Scroll            |     6 |     6 |     5 |     6 ||    23
       Potion            |       |       |     3 |    11 ||    14
 Stab: Sleeping          |    12 |    19 |    14 |    19 ||    64
       Distracted        |       |     1 |     2 |     5 ||     8
       Held in net/web   |       |       |       |     1 ||     1
Armor: Skin              |     5 |    11 |     7 |    25 ||    48
Dodge: Dodged            |    34 |    38 |    83 |   155 ||   310
Block: Buckler           |     6 |     9 |    37 |    69 ||   121

Table legend: (Time is in decaauts)
 A = Elapsed time spent in this place.
 B = Non-inter-level travel time spent in this place.
 C = Inter-level travel time spent in this place.
 D = Time resting spent in this place.
 E = Time spent auto-exploring this place.
 F = Levels seen in this place.
 G = Mean time per level.
                   A        B        C        D        E       F      G
               +--------+--------+--------+--------+--------+-----+--------+
         Total |  15990 |  15479 |    511 |   5435 |   7429 |  13 | 1230.0 |
       Dungeon |  15277 |  14837 |    440 |   5435 |   6846 |  11 | 1388.8 |
        Temple |    588 |    517 |     71 |      0 |    507 |   1 |  588.0 |
         Sewer |    124 |    124 |      0 |      0 |     76 |   1 |  124.0 |
               +--------+--------+--------+--------+--------+-----+--------+

Top non-repeatable levels by time:
     D:9: 3793 daAuts
     D:5: 1991 daAuts
     D:7: 1652 daAuts
     D:8: 1419 daAuts
     D:6: 1323 daAuts
     D:3: 1223 daAuts
     D:4: 1163 daAuts
    D:10: 966 daAuts
     D:1: 760 daAuts
  Temple: 588 daAuts
    D:11: 493 daAuts
     D:2: 490 daAuts
   Sewer: 124 daAuts
